AoeStats
← Chuckles

Arena

510412379Analyzed
1v1 RM · 2d ago on Sep 30, 2026· 66m 24s· 2 players
Game mode
Random Map
Map size
Tiny (2 player)
Population
200
Speed
Normal
Resources
Standard
Victory
Conquest
Starting age
Dark Age
Ending age
Imperial Age
RankedLock teamsTeams togetherTeam positionsShared explorationLock speedFull tech treeHidden civsTurbo modeCheats
Victory
Defeat
🇪🇸 Goths · Spain
553
+15
🇺🇸 Koreans · United States
541
-17
Chuckles
9:41 Feudal Age
11:46 Wheelbarrow
14:05 Wheelbarrow
18:38 Castle Age
16:54 Horse Collar
17:04 Double-Bit Axe
17:24 Fletching
20:29 Bodkin Arrow
20:53 Bow Saw
24:19 Crossbowman
27:23 Thumb Ring
29:29 Elite Skirmisher
33:12 Imperial Age
33:46 Loom
35:33 Chemistry
35:43 Hand Cart
38:02 Bracer
39:14 Ballistics
38:42 Arrowslits
38:38 Treadmill Crane
39:12 Fortified Wall
39:35 Stone Mining
41:35 Two-Man Saw
41:33 Murder Holes
41:56 Masonry
42:22 Arbalester
patatitoRTILLA
13:09 Feudal Age
15:14 Double-Bit Axe
15:24 Gold Mining
15:24 Stone Mining
15:35 Loom
18:20 Castle Age
16:41 Horse Collar
19:38 Bow Saw
19:30 Heavy Plow
20:03 Town Watch
21:30 Forging
25:05 Fervor
25:51 Wheelbarrow
26:24 Stone Shaft Mining
27:05 Iron Casting
27:01 Masonry
26:33 Treadmill Crane
30:00 Anarchy
30:14 Squires
30:19 Scale Mail Armor
31:35 Hand Cart
33:54 Imperial Age
32:47 Chain Mail Armor
32:24 Fletching
32:59 Sanctity
32:56 Husbandry
33:50 Ballistics
33:43 Scale Barding Armor
33:38 Padded Archer Armor
34:59 Perfusion
35:20 Conscription
35:59 Hand Cart
37:40 Crop Rotation
37:15 Town Patrol
40:41 Chemistry
39:20 Elite Huskarl
42:26 Capped Ram
43:51 Bodkin Arrow
44:56 Blast Furnace
43:56 Bodkin Arrow
52:43 Bracer
52:58 Leather Archer Armor
53:03 Chain Barding Armor
54:09 Chemistry
53:40 Architecture
Connection lost

Rejoining the realm…

Still unreachable

The connection could not be restored.

Session expired

The server has moved on; the page needs a fresh start.